Map: Romanticide LE

Players

Reynor - Winner!

  • Race: Zerg Zerg
  • League: Master
  • Spawn Location: 5:00

HeroMarine

  • Race: Terran Terran
  • League: Grandmaster
  • Spawn Location: 11:00

VOD

Have the link to the VOD?

Description

Time

  • Played on: Jan. 14, 2021, 11:35 a.m.
  • Length: 8:57
Show
View Real Time Build Order
Export as new Build Order

Reynor Zerg - Winner!

Build Orders: Hatch First 

Get SALT Encoding   

  12  0:00  Drone  
  13  0:12  Overlord  
  13  0:16  Drone  
  14  0:30  Drone x2  
  16  0:48  Hatchery  
  15  0:51  Drone  
  15  0:55  Drone  
  17  0:58  Drone  
  18  1:08  Extractor  
  17  1:13  Spawning Pool  
  17  1:16  Drone  
  17  1:20  Drone  
  18  1:27  Drone  
  19  1:38  Drone  
  20  1:48  Drone  
  21  2:00  Zergling x4, Queen x2  
  27  2:14  Hatchery  
  26  2:18  Overlord  
  26  2:21  Drone  
  27  2:24  Drone  
  27  2:37  Drone x2  
  29  2:46  Queen  
  29  2:47  Drone x3  
  34  2:52  Metabolic Boost  
  34  2:53  Drone  
  35  2:59  Overlord  
  35  3:04  Overlord  
  35  3:18  Drone x3  
  35  3:19  Drone  
  39  3:21  Overlord  
  39  3:22  Queen, Drone  
  42  3:27  Queen  
  42  3:30  Zergling x2  
  42  3:32  Drone  
  42  3:34  Drone  
  47  3:38  Drone  
  48  3:42  Drone  
  48  3:43  Zergling x4  
  48  3:45  Drone x2  
  48  3:47  Drone  
  54  3:49  Overlord  
  54  3:55  Drone x3  
  57  3:57  Drone  
  57  4:00  Queen  
  60  4:05  Drone x3  
  60  4:08  Drone  
  64  4:11  Evolution Chamber  
  64  4:12  Extractor  
  64  4:14  Drone x2  
  64  4:16  Drone  
  65  4:20  Overlord  
  65  4:24  Overlord  
  65  4:28  Overlord  
  65  4:34  Overlord  
  65  4:37  Zerg Ground Armor Level 1  
  65  4:39  Drone x5  
  65  4:40  Queen  
  65  4:43  Drone x3  
  75  4:49  Lair, Zergling x4  
  77  4:53  Drone  
  77  4:54  Drone x2  
  77  4:55  Overlord  
  77  4:57  Zergling x2  
  77  4:59  Baneling Nest  
  80  5:01  Zergling x4  
  80  5:06  Zergling x2  
  83  5:09  Extractor  
  83  5:11  Queen  
  83  5:12  Zergling x2  
  83  5:13  Zergling x10  
  90  5:20  Hatchery  
  89  5:23  Zergling x6  
  89  5:26  Overlord  
  89  5:27  Zergling x4  
  94  5:31  Zergling x4  
  96  5:37  Drone  
  97  5:43  Zergling x2  
  97  5:46  Zergling x6  
  97  5:48  Drone x3  
  97  5:49  Drone x2  
  98  5:51  Centrifical Hooks, Drone x2  
  98  5:53  Zergling x2  
  98  5:55  Zergling x6  
  104  6:04  Overlord  
  104  6:05  Overlord x2  
  104  6:15  Zergling x2  
  104  6:17  Zergling x2  
  106  6:20  Overlord  
  105  6:33  Zergling x2, Zerg Melee Weapons Level 1  
  105  6:34  Zergling x20  
  105  6:35  Queen  
  105  6:39  Zergling x2  
  118  6:42  Zergling x4  
  118  6:44  Zergling x2  
  121  6:50  Zergling x2  
  121  6:53  Drone  
  123  6:54  Zergling x10  
  123  6:55  Zergling x6, Hatchery  
  123  6:58  Zergling x2  
  123  6:59  Zergling x4  
  132  7:02  Zergling x2  
  132  7:05  Overlord x3  
  132  7:07  Baneling x27  
  133  7:13  Zergling x2  
  134  7:16  Zergling x2  
  134  7:22  Baneling x5  
  135  7:23  Zergling x2  
  135  7:24  Zergling x4  
  135  7:25  Spore Crawler, Queen  
  135  7:26  Zergling x8  
  135  7:27  Baneling x2  
  135  7:29  Zergling x8  
  147  7:34  Zergling x2  
  147  7:35  Baneling  
  147  7:36  Baneling x2  
  145  7:37  Zergling x2  
  145  7:42  Zergling x8  
  134  7:47  Zergling x6  
  123  7:55  Zergling x4  
  123  7:57  Queen  
  123  7:58  Zergling x4, Queen  
  118  8:00  Zergling x2  
  118  8:02  Zergling x8  
Show
View Real Time Build Order
Export as new Build Order

HeroMarine Terran 

Build Orders: Reaper Expand 

Get SALT Encoding   

  12  0:00  SCV  
  13  0:12  SCV  
  14  0:17  Supply Depot  
  14  0:24  SCV  
  15  0:38  SCV  
  15  0:40  Barracks  
  16  0:43  Refinery  
  16  0:50  SCV  
  17  1:02  SCV  
  18  1:14  SCV  
  19  1:26  Reaper  
  19  1:27  Orbital Command  
  20  1:39  Command Center  
  20  1:48  Supply Depot  
  20  1:52  SCV  
  21  1:58  Marine  
  22  2:04  SCV  
  23  2:11  Factory  
  23  2:16  SCV  
  23  2:22  Barracks Reactor  
  24  2:28  SCV  
  25  2:40  SCV  
  26  2:49  Command Center  
  26  2:51  Orbital Command  
  26  2:52  SCV  
  26  2:56  Barracks  
  27  3:04  Barracks Tech Lab, SCV  
  28  3:06  Hellion  
  28  3:09  Hellion  
  32  3:16  SCV  
  33  3:23  SCV  
  33  3:24  Stimpack, Marine  
  35  3:28  Refinery  
  35  3:29  SCV  
  36  3:35  SCV  
  36  3:41  SCV, Marine  
  38  3:47  SCV  
  40  3:49  Marine x2  
  40  3:50  Starport  
  40  3:53  SCV  
  43  3:56  Factory Reactor  
  43  3:59  SCV, Marine  
  43  4:00  Orbital Command  
  45  4:05  SCV  
  45  4:08  Marine  
  45  4:09  Marine  
  48  4:11  SCV  
  48  4:12  Supply Depot  
  49  4:17  SCV  
  49  4:18  Refinery, Marine  
  49  4:23  SCV  
  52  4:26  Marine  
  52  4:27  SCV, Marine  
  52  4:29  SCV  
  55  4:35  SCV  
  55  4:36  Marine  
  55  4:37  Medivac x2  
  61  4:40  Supply Depot, SCV  
  61  4:41  SCV  
  61  4:44  Marine  
  61  4:45  Refinery  
  64  4:46  Marine  
  64  4:47  SCV  
  64  4:52  Factory, Orbital Command  
  67  4:53  SCV, Marine  
  67  4:59  SCV  
  69  5:00  Factory Reactor  
  69  5:01  Marine  
  69  5:04  Supply Depot, Marine  
  69  5:05  SCV  
  72  5:11  SCV, Marine  
  72  5:13  Armory  
  74  5:17  SCV  
  74  5:18  SCV  
  74  5:19  Marine  
  77  5:25  Marine  
  77  5:26  SCV  
  79  5:28  Supply Depot  
  79  5:29  Marine  
  79  5:30  SCV x2  
  79  5:31  Supply Depot  
  79  5:32  Engineering Bay x2  
  82  5:37  Marine  
  82  5:38  SCV  
  82  5:42  SCV  
  85  5:44  Marine  
  85  5:45  SCV  
  85  5:49  Marine  
  84  5:50  SCV  
  84  5:51  Factory Tech Lab  
  84  5:52  Combat Shield  
  84  5:54  SCV  
  84  5:55  Marine  
  91  5:58  Hellion x2, SCV  
  91  6:02  SCV  
  92  6:06  Terran Infantry Armor Level 1, Terran Infantry Weapons Level 1, SCV  
  92  6:08  Marine  
  92  6:09  Marine  
  92  6:10  SCV  
  96  6:12  Supply Depot, Drilling Claws  
  96  6:14  SCV  
  96  6:16  Widow Mine  
  96  6:18  SCV  
  100  6:22  SCV  
  101  6:28  Supply Depot  
  101  6:30  Supply Depot  
  101  6:34  Widow Mine x2, SCV x3  
  101  6:35  Terran Vehicle And Ship Armor Level 1  
  109  6:43  Supply Depot  
  109  6:45  Medivac x2, Widow Mine  
  117  6:47  Supply Depot  
  117  6:50  Supply Depot  
  114  6:55  Barracks, Marine x2  
  114  6:56  Barracks x2  
  114  6:58  Widow Mine  
  117  7:01  Marine  
  117  7:06  Refinery x2  
  118  7:10  Widow Mine x2  
  118  7:13  Supply Depot, Marine  
  118  7:14  Marine  
  118  7:15  Medivac x2  
  128  7:19  Marine  
  128  7:22  Widow Mine  
  131  7:28  Command Center  
  131  7:29  SCV  
  132  7:30  SCV  
  132  7:31  Widow Mine x2  
  137  7:38  Marine  
  137  7:39  Marine  
  137  7:40  SCV  
  137  7:41  Marine  
  137  7:42  SCV x2  
  135  7:47  Marine x2  
  135  7:49  Marine  
  102  8:14  Marine x3  
  102  8:15  Marine x2  
  102  8:16  Widow Mine  
  102  8:17  Widow Mine  
  102  8:27  Widow Mine  
  102  8:32  Marine x2  
  102  8:33  Marine  
Tags
 
Add a new tag
Caveats
  • Supply blocks, unpowered buildings, or Contaminate may cause inaccurate times.
  • Supply counts are checked every 10 seconds.